 Dungeon Crawl Stone Soup version 0.29-a0-914-g906f1d757c (webtiles) character file.

Game seed: 402643942758968826

109 funkygono the Firebug (level 4, 0/24 HPs)
             Began as a Gargoyle Fire Elementalist on July 26, 2022.
             Slain by Crazy Yiuf
             ... wielding a +3 quarterstaff of chaos
              (6 damage)
             ... while paralysed by Crazy Yiuf
             ... on level 2 of the Dungeon.
             The game lasted 00:04:11 (1940 turns).

funkygono the Firebug (Gargoyle Fire Elementalist)  Turns: 1940, Time: 00:04:12

Health: 0/24       AC:  6    Str: 12    XL:     4   Next: 89%
Magic:  3/8        EV:  2    Int: 17    God:
Gold:   115        SH:  0    Dex: 10    Spells: 3/9 levels left

rFire   . . .      SeeInvis .   j - +0 whip
rCold   . . .      Faith    .   (no shield)
rNeg    + . .      Spirit   .   a - +0 robe
rPois   ∞          Reflect  .   (no helmet)
rElec   +          Harm     .   (no cloak)
rCorr   .          Rampage  .   p - +0 pair of gloves
Will    .....                   (no boots)
Stlth   ++........              f - amulet of magic regeneration
HPRegen 0.08/turn               n - ring of flight
MPRegen 0.51/turn               (no ring)

@: paralysed, flying, invisible
A: sickness immunity, AC +3, negative energy resistance 1, electricity
resistance, torment resistance 1, petrification resistance
a: no special abilities


You were on level 2 of the Dungeon.
You visited 1 branch of the dungeon, and saw 2 of its levels.

You collected 115 gold pieces.

Inventory:

Hand Weapons
 j - a +0 whip (weapon)
 k - a +2 falchion of holy wrath
Armour
 a - a +0 robe (worn)
 o - a +0 scale mail
 p - a +0 pair of gloves (worn)
 q - a +0 leather armour
Magical Staves
 d - a staff of air
Jewellery
 f - an amulet of magic regeneration (around neck)
 n - a ring of flight (left hand)
Scrolls
 e - a scroll of teleportation {unknown}
 g - a scroll of butterflies {unknown}
 h - a scroll of fear {unknown}
 l - a scroll of silence {unknown}
 m - a scroll of blinking {unknown}
 r - 3 scrolls of vulnerability {unknown}
Potions
 b - a potion of magic
 c - 2 potions of flight {unknown}
 i - a potion of degeneration {unknown}


   Skills:
 + Level 0.1 Fighting
 + Level 1.7 Dodging
 - Level 2.1 Stealth
 + Level 3.1 Spellcasting
 + Level 2.8 Conjurations
 + Level 3.8 Fire Magic


You had 3 spell levels left.
You knew the following spells:

 Your Spells              Type           Power      Damage    Failure   Level
a - Foxfire               Conj/Fire      52%        2x1d6     4%          1
b - Scorch                Fire           30%        2d7       5%          2
c - Conjure Flame         Conj/Fire      13%        6-21      13%         3

Your spell library contained the following spells:

 Spells                   Type           Power      Damage    Failure   Level
 Inner Flame              Hex/Fire       9%         N/A       24%         3
 Flame Wave               Conj/Fire      13%        2d6       41%         4


Dungeon Overview and Level Annotations

Branches:
Dungeon (2/15)

Altars:

Annotations:
D:2 Crazy Yiuf


Innate Abilities, Weirdness & Mutations

You are immune to sickness and miasma.
Your stone body is resilient. (AC +3)
You are immune to poison.
You resist negative energy. (rN+)
You are resistant to electric shocks. (rElec)
You are resistant to unholy torment.
You are immune to petrification.


Message History

You hit the fungus.
The fungus begins to die.
The fungus is lightly damaged.
A nearby fungus withers and dies.
You hit the fungus.
The fungus begins to die.
The fungus is lightly damaged.
You hit the fungus.
The fungus is lightly damaged.
You hit the fungus.
The fungus is lightly damaged.
You hit the fungus.
The fungus is lightly damaged.
A nearby fungus withers and dies.
Found a hammer.
Found a runed translucent door.
Press: ? - help, v - describe, . - travel
Here: Crazy Yiuf, wielding a +3 quarterstaff of chaos and wearing a +0 cloak (asleep, fire blocked by a runed translucent door)
The floor.
Crazy Yiuf shouts!
You reach down and open the door.
Crazy Yiuf laughs, "Shower unthinkable tea!"
You hit the bush but do no damage.
Crazy Yiuf screams, "Spliff noodlescoop unthinkable!"
Crazy Yiuf screams, "Aardvark!"
Casting: Foxfire (safe; 4% risk of failure)
Confirm with . or Enter, or press ? or * to list all spells.
You conjure some foxfire!
Crazy Yiuf says, "I'm not crazy!"
Crazy Yiuf hits you with a +3 quarterstaff of chaos!
You suddenly lose the ability to move!
The foxfire hits Crazy Yiuf.
Crazy Yiuf is moderately wounded.
The foxfire hits Crazy Yiuf but does no damage.
Crazy Yiuf is moderately wounded.
Crazy Yiuf hits you but does no damage.
You fade into invisibility!
Crazy Yiuf hits you with a +3 quarterstaff of chaos!
* * * LOW HITPOINT WARNING * * *
You feel your power leaking away.
Crazy Yiuf grits, "Papa childish water!"
Crazy Yiuf hits you with a +3 quarterstaff of chaos.
You die...

#............#######.........
#.####.####..................
#.# #.# #..#######.........
### ### #### ####...### #...#
# ######## #...# # ###
###.#....## ##.## #
#...##g.#..#...## #.# #
#...'.####P.g@..# #.# #
#)..### ##P....#########.# #
### #####...........# #
#####.######## # #..##.# #
### ##.##.# # #.# #.##.## #
#.# #†##..# ### #.# #.###.#
######..


You could see Crazy Yiuf (unable to see you).

Vanquished Creatures
  4 gnolls (D:2)
  2 adders (D:2)
  A worm (D:2)
  3 dart slugs (D:2)
  6 endoplasms
  A giant cockroach (D:1)
  4 hobgoblins
  A jackal (D:2)
  2 quokkas (D:2)
  4 ball pythons (D:2)
  3 bats (D:2)
  2 frilled lizards
  7 kobolds
  7 rats
47 creatures vanquished.

Vanquished Creatures (collateral kills)
  3 foxfires (D:1)
3 creatures vanquished.

Vanquished Creatures (others)
  150 foxfires
  3 fungi (D:2)
153 creatures vanquished.

Grand Total: 203 creatures vanquished

Notes
Turn   | Place    | Note
-------+----------+-------------------------------------------
     0 | D:1      | funkygono the Gargoyle Fire Elementalist began the quest
                  | for the Orb.
     0 | D:1      | Reached XP level 1. HP: 10/10 MP: 3/3
   352 | D:1      | Found a faded altar of an unknown god.
   546 | D:1      | Reached XP level 2. HP: 15/15 MP: 3/5
   549 | D:1      | Learned a level 2 spell: Scorch
  1094 | D:2      | Reached XP level 3. HP: 15/19 MP: 7/7
  1098 | D:2      | Learned a level 3 spell: Conjure Flame
  1391 | D:2      | Reached XP level 4. HP: 24/24 MP: 8/8
  1923 | D:2      | Found a runed translucent door.
  1924 | D:2      | Noticed Crazy Yiuf
  1937 | D:2      | Paralysed by Crazy Yiuf for 4 turns
  1940 | D:2      | Slain by Crazy Yiuf

Illustrated notes

Levels and vault maps discovered:
D:1:      dpeg_arrival_oval, layout_basic, dreamdust_ecumenical_altar_grove,
          minmay_strange_pillars, st_stairs_1, minmay_statues_item
D:2:      layout_loops_ring, minmay_tetromino_t4, uniq_crazy_yiuf_cottage

Skill      XL: |  1  2  3  4 |
---------------+-------------+-----
Spellcasting   | 3 |  3.1
Conjurations   | 2 |  2.8
Fighting       | |  0.1
Dodging        | |  1.7
Stealth        | |  2.1
Fire Magic     | |  3.8

Action                   |  1- 3 |  4- 6 || total
-------------------------+-------+-------++-------
Melee: Unarmed           |    18 |       ||    18
       Staff             |     4 |       ||     4
       Whip              |     1 |     7 ||     8
 Cast: Foxfire           |    60 |    25 ||    85
       Scorch            |     1 |     2 ||     3
Armor: Robe              |    13 |     3 ||    16
Dodge: Dodged            |    34 |     1 ||    35

Table legend: (Time is in decaauts)
 A = Elapsed time spent in this place.
 B = Non-inter-level travel time spent in this place.
 C = Inter-level travel time spent in this place.
 D = Time resting spent in this place.
 E = Time spent auto-exploring this place.
 F = Levels seen in this place.
 G = Mean time per level.
                   A        B        C        D        E       F      G
               +--------+--------+--------+--------+--------+-----+--------+
         Total |   1939 |   1927 |     12 |    215 |   1264 |   2 |  969.5 |
       Dungeon |   1939 |   1927 |     12 |    215 |   1264 |   2 |  969.5 |
               +--------+--------+--------+--------+--------+-----+--------+

Top non-repeatable levels by time:
     D:1: 1023 daAuts
     D:2: 916 daAuts
